 Dungeon Crawl Stone Soup version 0.24-a0-539-g6aae15eeb0 (webtiles) character file.

Game seed: 11988669329893139672

1510 MordorOrchid the Covered (level 8, -4/66 HPs)
             Began as a Minotaur Necromancer on Aug 17, 2019.
             Was a Believer of Cheibriados.
             Slain by an orc warrior
             ... wielding a +0 flail
              (18 damage)
             ... on level 6 of the Dungeon.
             The game lasted 00:37:43 (4744 turns).

MordorOrchid the Covered (Minotaur Necromancer)     Turns: 4744, Time: 00:37:44

Health: -4/66      AC:  6    Str: 19    XL:     8   Next: 53%
Magic:  11/11      EV: 12    Int: 19    God:    Cheibriados [**....]
Gold:   441        SH:  0    Dex: 17    Spells: 5/13 levels left

rFire    . . .     SeeInvis .     - Unarmed
rCold    . . .     Gourm    .   (no shield)
rNeg     . . .     Faith    .   w - +3 leather armour {MR+}
rPois    .         Spirit   .   (helmet restricted)
rElec    .         Reflect  .   (no cloak)
rCorr    .         Harm     .   (no gloves)
MR       +....                  (no boots)
Stlth    ++........             (no amulet)
HPRegen  0.21/turn              x - +2 ring of dexterity
MPRegen  0.12/turn              k - ring of flight

@: drained, very slow
A: retaliatory headbutt, horns 2
a: Bend Time, Renounce Religion, Evoke Flight


You were on level 6 of the Dungeon.
You worshipped Cheibriados.
Cheibriados was pleased with you.
You were not hungry.

You visited 2 branches of the dungeon, and saw 7 of its levels.

You collected 441 gold pieces.

Inventory:

Hand Weapons
 b - a +0 dagger
 j - a +0 shortbow
 o - a +0 flail of holy wrath
 u - a cursed +0 rapier
Missiles
 f - 93 bolts
 h - 97 stones
 r - 7 poisoned darts (quivered)
 y - 64 arrows
 B - 2 boomerangs
 F - 19 sling bullets
Armour
 d - a +0 ring mail
 v - a +0 scale mail
 w - a +3 leather armour of magic resistance (worn)
 G - the cursed +0 chain mail "Laraijug" {rPois rN+ Dex-5}
   (You took it off a wight on level 5 of the Dungeon)

   It affects your dexterity (-5).
   It protects you from poison.
   It protects you from negative energy.
   It has a curse placed upon it.
Jewellery
 a - an uncursed ring of fire
 k - a ring of flight (right hand)
 x - a +2 ring of dexterity (left hand)
Wands
 D - a wand of acid (9)
Scrolls
 i - 3 scrolls of remove curse
 n - a scroll of fear
 q - 5 scrolls of teleportation
 t - 3 scrolls of enchant armour
 C - 2 scrolls of magic mapping
 E - 2 scrolls of blinking
Potions
 e - 2 potions of might
 g - 2 potions of mutation
 l - a potion of agility
 m - a potion of haste
 p - a potion of resistance
 s - a potion of berserk rage
 z - 2 potions of lignification
 A - a potion of curing
Comestibles
 c - 11 rations


   Skills:
 - Level 4.0(3.2) Fighting
 * Level 6.6(5.7) Armour
 * Level 3.0(2.2) Dodging
 - Level 1.5(0.8) Stealth
 + Level 6.5(5.6) Unarmed Combat
 - Level 3.2(2.4) Spellcasting
 + Level 3.4(2.6) Necromancy
 * Level 1.8(1.0) Invocations


You had 5 spell levels left.
You knew the following spells:

 Your Spells              Type           Power        Failure   Level  Hunger
a - Pain                  Necr           ##..         6%          1    #......
k - Regeneration          Chrm/Necr      #.........   32%         3    ###....
u - Animate Skeleton      Necr           N/A          6%          1    #......
v - Vampiric Draining     Necr           ##........   19%         3    ###....

Your spell library contained the following spells:

 Spells                   Type           Power        Failure   Level  Hunger
 Animate Dead             Necr           N/A          52%         4    #####..


Dungeon Overview and Level Annotations

Branches:
Dungeon (6/15)             Temple (1/1) D:5

Altars:
Cheibriados
Dithmenos
Fedhas
Gozag
Okawaru
Sif Muna
Wu Jian
Yredelemnul
The Shining One

Annotations:
D:6 3 runed translucent doors, korppi's ghost, amateur SpEn


Innate Abilities, Weirdness & Mutations

You reflexively headbutt those who attack you in melee.
You have a pair of horns on your head.


Message History

The bullfrog is almost dead.
The bullfrog hits you. The bullfrog hits you. x2
Evoke which item? (* to show all) (? for menu, Esc to quit)
Aiming: Corrosive Bolt
Press: ? - help, Shift-Dir - straight line The bolt of acid hits the orc warrior!
The orc warrior is splashed with acid.
The orc warrior is moderately wounded.
The bolt of acid hits the orc priest!
The orc priest is splashed with acid.
The acid corrodes the orc priest!
You kill the orc priest!
Cheibriados appreciates the change of pace.
The bullfrog barely misses you.
The orc warrior hits you with a +0 flail.
The bullfrog hits you.
The orc warrior hits you with a +0 flail!
* * * LOW HITPOINT WARNING * * *
The bullfrog hits you but does no damage.
The orc warrior hits you with a +0 flail!!
You die...

#.....#..... ...##....
##....)#..... .... ........
#............o .... #.....
##..#.)...o...........#.....
#..#.o...#...........#..#..
#....#.### #(..... .....#..
#....#######...... ##......
##.o## #......# #....##
##.## ##F@##..#### ##....#
#.o###.o......#.###....##
##...#..o.................
#.....)##...........#....#
#.......##..........#...##
#...#.####................
####### #..............#..
##...........###..
##..........# ###


You could see an orc warrior, a bullfrog and an orc.

Vanquished Creatures
  2 ice beasts (D:5)
  A sky beast (D:5)
  An ogre (D:5)
  A centaur (D:5)
  5 wights
  2 howler monkeys
  2 bullfrog zombies
  A crimson imp (D:5)
  A centaur skeleton (D:5)
  4 orc priests
  A jelly (D:5)
  An orc wizard (D:5)
  2 worker ants
  A worker ant zombie (D:5)
  7 adders
  3 shadow imps
  An ooze (D:6)
  An adder zombie (D:5)
  An adder skeleton (D:5)
  3 worms
  3 dart slugs (D:1)
  4 leopard geckos
  20 orcs
  A ball python (D:3)
  7 bats
  7 giant cockroaches
  2 goblins
  4 hobgoblins (D:1)
  16 jackals
  7 kobolds
  5 frilled lizards
  A jackal skeleton (D:5)
  3 rats (D:1)
121 creatures vanquished.

Vanquished Creatures (collateral kills)
  An ice beast (D:5)
  A necrophage (D:5)
  A water moccasin skeleton (D:5)
  2 hounds (D:5)
  An iguana (D:4)
  An adder (D:3)
  4 orcs
  A giant cockroach (D:5)
  A hobgoblin (D:2)
  A kobold (D:3)
  2 quokkas
  A bat (D:2)
17 creatures vanquished.

Grand Total: 138 creatures vanquished

Notes
Turn   | Place    | Note
-------+----------+-------------------------------------------
     0 | D:1      | MordorOrchid the Minotaur Necromancer began the quest for
                  | the Orb.
     0 | D:1      | Reached XP level 1. HP: 14/14 MP: 1/1
   103 | D:1      | Reached skill level 1 in Fighting
   327 | D:1      | Reached skill level 1 in Armour
   349 | D:1      | Reached skill level 1 in Unarmed Combat
   349 | D:1      | Reached XP level 2. HP: 20/23 MP: 0/3
   710 | D:1      | Learned a level 1 spell: Animate Skeleton
   877 | D:1      | Reached XP level 3. HP: 22/28 MP: 0/4
  1536 | D:3      | Reached XP level 4. HP: 26/35 MP: 2/5
  2118 | D:3      | Learned a level 3 spell: Vampiric Draining
  2804 | D:4      | Reached XP level 5. HP: 33/40 MP: 2/6
  3064 | D:5      | Entered Level 5 of the Dungeon
  3114 | D:5      | Found a staircase to the Ecumenical Temple.
  3122 | Temple   | Entered the Ecumenical Temple
  3155 | Temple   | Became a worshipper of Cheibriados the Contemplative
  3199 | D:5      | Reached XP level 6. HP: 48/48 MP: 7/7
  3383 | D:5      | Learned a level 3 spell: Regeneration
  3389 | D:5      | Noticed an ice beast
  3397 | D:5      | Killed an ice beast
  3404 | D:5      | Noticed a sky beast
  3413 | D:5      | Killed a sky beast
  3413 | D:5      | Reached skill level 5 in Armour
  3413 | D:5      | Reached XP level 7. HP: 22/56 MP: 6/9
  3419 | D:5      | Reached skill level 5 in Unarmed Combat
  3494 | D:5      | Reached * piety under Cheibriados
  3959 | D:5      | Reached XP level 8. HP: 63/63 MP: 11/11
  4175 | D:5      | Reached ** piety under Cheibriados
  4214 | D:6      | Identified the cursed +0 chain mail "Laraijug" {rPois rN+
                  | Dex-5}
  4236 | D:5      | Reached skill level 1 in Invocations
  4425 | D:6      | Found a runed translucent gate.
  4425 | D:6      | Noticed korppi's ghost (amateur SpEn)
  4432 | D:6      | Found a runed translucent gate.
  4432 | D:6      | Found a runed translucent gate.
  4527 | D:6      | Found an opulent altar of Gozag.
  4629 | D:6      | Found a glowing golden altar of the Shining One.
  4744 | D:6      | Slain by an orc warrior

Levels and vault maps discovered:
D:1:      minmay_arrival_jagged, layout_basic
D:2:      layout_rooms
D:3:      layout_basic
D:4:      layout_basic, st_stairs_7, kennysheep_cross_room
D:5:      minmay_chambers_of_threes, layout_loops_corners,
          minmay_temple_entry_tees, first_ration, minmay_circle_x
D:6:      layout_cave_pools, tso_oasis_becter, ebering_ghost_gozag,
          minmay_misc_feat_square
Temple:   minmay_crystal_snake_temple

Skill      XL: |  1  2  3  4  5  6  7  8 |
---------------+-------------------------+-----
Fighting       | 1 2 3 4 |  4.0
Armour         | 1 2 3 4 5 6 |  6.6
Unarmed Combat | 1 2 3 4 5 6 |  6.5
Necromancy     | 3 |  3.4
Spellcasting   | 2 3 |  3.2
Invocations    | 1 |  1.8
Dodging        | 3 |  3.0
Stealth        | |  1.5

Action                   |  1- 3 |  4- 6 |  7- 9 || total
-------------------------+-------+-------+-------++-------
Melee: Dagger            |    47 |       |       ||    47
       Headbutt          |    14 |    14 |    27 ||    55
       Unarmed           |    53 |   146 |   131 ||   330
       Punch             |       |     4 |     3 ||     7
Throw: Dart              |       |    16 |     2 ||    18
 Cast: Pain              |    48 |    41 |    23 ||   112
       Animate Skeleton  |     9 |    14 |    18 ||    41
       Vampiric Draining |       |       |     3 ||     3
       Regeneration      |       |       |     1 ||     1
Evoke: Wand              |       |       |     1 ||     1
  Use: Scroll            |     7 |     7 |     5 ||    19
       Potion            |     1 |     1 |       ||     2
 Stab: Sleeping          |     4 |       |       ||     4
       Distracted        |       |     1 |       ||     1
  Eat: Chunk             |     4 |     7 |     3 ||    14
       Ration            |       |     1 |       ||     1
Armor: Robe              |    18 |       |       ||    18
       Ring mail         |       |    36 |       ||    36
       Leather armour    |       |    18 |    41 ||    59
Dodge: Dodged            |    53 |   116 |    78 ||   247

Table legend:
 A = Non-vault XP
 B = Vault XP
 C = Vault XP percentage of total XP
 D = Non-vault monster count
 E = Vault monster count
 F = Vault count percentage of total count
                 A         B        C        D         E       F
            +---------+---------+-------+---------+---------+-------
      Total |    1750 |     408 |  18.9 |     122 |      16 |  11.6
            +---------+---------+-------+---------+---------+-------
        D:1 |      41 |       0 |   0.0 |      20 |       0 |   0.0
        D:2 |      54 |       0 |   0.0 |      20 |       0 |   0.0
        D:3 |      75 |       0 |   0.0 |      24 |       0 |   0.0
        D:4 |     153 |       2 |   1.3 |      15 |       1 |   6.2
        D:5 |    1059 |     406 |  27.7 |      27 |      15 |  35.7
        D:6 |     368 |       0 |   0.0 |      16 |       0 |   0.0
            +---------+---------+-------+---------+---------+-------
